 Dungeon Crawl Stone Soup version 0.27-a0-346-ga689d4a613 (webtiles) character file.

Game seed: 17330996131669928152

46 sanka the Insei (level 3, 0/25 HPs)
             Began as a Vampire Transmuter on Feb 15, 2021.
             Killed by divine providence
             ... invoked by an orc priest
              (10 damage)
             ... on level 2 of the Dungeon.
             The game lasted 00:02:48 (1209 turns).

sanka the Insei (Vampire Transmuter)                Turns: 1209, Time: 00:02:49

Health: 0/25       AC:  4    Str:  9    XL:     3   Next: 44%
Magic:  6/6        EV: 12    Int: 15    God:
Gold:   54         SH:  0    Dex: 15    Spells: 0/6 levels left

rFire    . . .     SeeInvis +     - Unarmed
rCold    . . .     Faith    .   (no shield)
rNeg     . . .     Spirit   .   a - +0 robe
rPois    .         Reflect  .   h - +0 helmet
rElec    .         Harm     .   (no cloak)
rCorr    .         Rampage  .   (no gloves)
Will     .....                  f - +0 pair of boots
Stlth    +.........             (no amulet)
HPRegen  0.28/turn              (no ring)
MPRegen  0.10/turn              (no ring)

@: regenerating quickly
A: fangs 3, see invisible, unbreathing
a: Exsanguinate


You were on level 2 of the Dungeon.
You visited 1 branch of the dungeon, and saw 2 of its levels.

You collected 54 gold pieces.


Innate Abilities, Weirdness & Mutations

Your natural rate of healing is unusually fast.
You have razor-sharp teeth.
You have supernaturally acute eyesight. (SInv)
You can survive without breathing.


   Skills:
 - Level 0.8 Fighting
 - Level 2.1 Dodging
 + Level 4.7 Unarmed Combat
 - Level 2.0 Spellcasting
 + Level 2.4 Transmutations
 + Level 0.4 Poison Magic


You couldn't memorise any spells.
You knew the following spells:

 Your Spells              Type           Power        Failure   Level
x - Spider Form           Tmut/Pois      2%           36%         3
y - Wereblood             Tmut           8%           12%         2
z - Beastly Appendage     Tmut           16%          9%          1

Your spell library contained the following spells:

 Spells                   Type           Power        Failure   Level
 Ice Form                 Ice/Tmut       5%           80%         4
 Blade Hands              Tmut           4%           92%         5

Inventory:

Missiles
 j - 6 javelins
Armour
 a - a +0 robe (worn)
 f - a +0 pair of boots (worn)
 h - a +0 helmet (worn)
Scrolls
 b - 2 scrolls of fear {unknown}
 d - a scroll of teleportation {unknown}
 e - 3 scrolls of identify {unknown}
 i - 2 scrolls of amnesia {unknown}
Potions
 c - 3 potions of curing {unknown}
 g - a potion of berserk rage {unknown}

Dungeon Overview and Level Annotations

Branches:
Dungeon (2/15)

Altars:

▒...▒▒▒▒.▒▒▒▒▒†<▒ ▒.▒.▒
▒........▒
▒▒▒▒.▒.▒▒▒▒.†▒▒▒▒.▒▒
▒..†>▒....▒..▒ ▒.▒
▒.▒▒▒▒▒▒▒....▒ ▒.▒
▒....▒....(▒.▒▒▒▒.▒
▒▒▒▒▒▒▒..▒.▒▒.......▒.▒
.........▒.▒▒.▒▒▒▒▒.▒.▒
▒▒▒▒▒▒▒▒...▒▒V▒ ▒.▒.▒
▒▒.....▒ ▒...▒ ▒▒▒▒▒.▒
▒.▒▒▒ ▒.▒▒▒▒▒.▒
▒.o)....▒ ▒▒▒▒o▒▒▒▒
▒▒.▒▒ ▒...▒
(......▒....▒


You could see an orc priest.


Message History

You closely miss the orc.
The orc is almost dead.
Your transformation is almost over.
The orc hits you with a +0 club.
You barely miss the orc. You claw the orc.
You kill the orc!
No target in view!
No target in view!
You start resting.
Magic restored.
Your horns disappear.
Your talons disappear.
You start resting.
HP restored.
You see here a +0 club.
An orc priest comes into view. It is wielding a +1 trident of pain.
The orc priest shouts!
You hear an angry hiss.
An orc wizard comes into view. It is wielding a +0 dagger.
A frilled lizard comes into view.
Found 24 stones.
You see here a +0 club.
The orc priest invokes the aid of Beogh against you.
Beogh smites you!
Ouch! That really hurt!
* * * LOW HITPOINT WARNING * * *
The orc priest calls down the wrath of Beogh upon you.
Beogh smites you!
You die...

Action                   || total
-------------------------++-------
Melee: Unarmed           ||    88
       Kick              ||    15
       Headbutt          ||     8
       Bite              ||     3
       Punch             ||     1
 Cast: Beastly Appendage ||    13
 Stab: Sleeping          ||     1
Armor: Robe              ||    19
Dodge: Dodged            ||    55

Levels and vault maps discovered:
D:1:      dpeg_arrival_connections, layout_basic
D:2:      kennysheep_the_goblin_king, layout_loops_ring,
          nicolae_overflow_crystal_walls

Notes
Turn   | Place    | Note
-------+----------+-------------------------------------------
     0 | D:1      | sanka the Vampire Transmuter began the quest for the Orb.
     0 | D:1      | Reached XP level 1. HP: 14/14 MP: 3/3
   227 | D:1      | Reached skill level 4 in Unarmed Combat
   227 | D:1      | Reached XP level 2. HP: 20/20 MP: 3/5
   240 | D:1      | Learned a level 2 spell: Wereblood
   876 | D:1      | Reached XP level 3. HP: 22/25 MP: 4/6
   897 | D:1      | Learned a level 3 spell: Spider Form
  1209 | D:2      | Killed from afar by an orc priest

Vanquished Creatures
  An adder (D:2)
  4 dart slugs (D:1)
  An orc (D:2)
  A ball python (D:1)
  4 bats (D:1)
  A giant cockroach (D:1)
  4 goblins
  2 hobgoblins (D:1)
  2 jackals (D:1)
  2 frilled lizards
  2 kobolds
  A rat (D:1)
25 creatures vanquished.
